 Dungeon Crawl Stone Soup version 0.28-a0-1594-ga885d4b3d6 (webtiles) character file.

Game seed: 16122217861471816714

1823 issech the Cudgeller (level 8, -1/79 HPs)
             Began as a Troll Fighter on Jan 20, 2022.
             Succumbed to a gnoll's poison
             ... on level 8 of the Dungeon.
             The game lasted 00:25:14 (6553 turns).

issech the Cudgeller (Troll Fighter)                Turns: 6553, Time: 00:25:15

Health: -1/79      AC:  7    Str: 31    XL:     8   Next: 85%
Magic:  7/7        EV: 11    Int:  4    God:
Gold:   296        SH:  9    Dex: 17    Spells: 7/7 levels left

rFire   . . .      SeeInvis .   a - +1 flail
rCold   . . .      Faith    .   c - +0 kite shield
rNeg    . . .      Spirit   .   l - +2 robe {Will+}
rPois   .          Reflect  .   (helmet restricted)
rElec   .          Harm     .   N - +0 cloak {Will+}
rCorr   .          Rampage  .   (gloves unavailable)
Will    ++...                   (boots unavailable)
Stlth   ++........              (no amulet)
HPRegen 1.03/turn               I - +6 ring of dexterity
MPRegen 0.10/turn               k - +6 ring of strength

@: lethally poisoned (-1 -> -8), about to teleport
A: large, unfitting armour, claws 3, regeneration 1, shaggy fur 1, tough skin 1
a: no special abilities


You were on level 8 of the Dungeon.
You visited 1 branch of the dungeon, and saw 8 of its levels.

You collected 296 gold pieces.

Inventory:

Hand Weapons
 a - a +1 flail (weapon)
 j - a +0 short sword of speed
 q - a +4 hunting sling
 r - a +0 giant spiked club
 t - a +0 whip
 v - a +0 shortbow
 w - a +2 dagger of venom
 B - a +0 mace
 K - a +0 hand crossbow
 M - a +4 quarterstaff of chaos
 O - a +0 mace
 P - a +1 spear of venom
Missiles
 b - 72 bolts
 f - 237 stones (quivered)
 p - 24 sling bullets
 x - 46 arrows
 R - 2 boomerangs
Armour
 c - a +0 kite shield (worn)
 l - a +2 robe of willpower (worn)
 H - a +0 cloak
 L - a +2 ring mail of poison resistance
 N - a +0 cloak of willpower (worn)
Jewellery
 g - a ring of flight
 k - a +6 ring of strength (right claw)
 I - a +6 ring of dexterity (left claw)
Wands
 n - a wand of flame (37)
 u - a wand of paralysis (7)
Scrolls
 e - 2 scrolls of teleportation
 y - a scroll of silence
 C - a scroll of enchant armour
 G - 2 scrolls of immolation
Potions
 d - a potion of might
 h - 2 potions of resistance
 i - 6 potions of curing
 m - a potion of ambrosia
 o - 3 potions of lignification
 s - 2 potions of berserk rage
 z - 2 potions of haste {unknown}
 A - a potion of magic {unknown}
 D - a potion of invisibility {unknown}
 E - 2 potions of attraction
 F - 2 potions of cancellation
 J - 2 potions of brilliance {unknown}
 Q - a potion of heal wounds {unknown}


   Skills:
 + Level 4.6 Fighting
 + Level 7.1 Maces & Flails
 + Level 0.2 Throwing
 + Level 4.8 Dodging
 + Level 0.6 Stealth
 + Level 4.6 Shields


You had 7 spell levels left.
You didn't know any spells.
Your spell library contained the following spells:

 Spells                   Type           Power      Damage    Failure   Level
 Foxfire                  Conj/Fire      0%         2x1d4     78%         1
 Corpse Rot               Necr/Air       0%         N/A       89%         2
 Conjure Flame            Conj/Fire      0%         6-21      98%         3
 Inner Flame              Hex/Fire       0%         N/A       98%         3
 Portal Projectile        Hex/Tloc       0%         N/A       98%         3
 Dispel Undead            Necr           0%         3d6       100%        4
 Flame Wave               Conj/Fire      0%         2d4       100%        4
 Blade Hands              Tmut           0%         N/A       100%        5
 Excruciating Wounds      Necr           0%         N/A       100%        5
 Iskenderun's Battlesphe  Conj           0%         2d6       100%        5
 Death Channel            Necr           0%         N/A       100%        6
 Iron Shot                Conj/Erth      0%         9d1       100%        6
 Spellforged Servitor     Conj/Summ      0%         N/A       100%        7


Dungeon Overview and Level Annotations

Branches:
Dungeon (8/15)             Temple (0/1) D:6
   Lair: D:8-11

Altars:


Innate Abilities, Weirdness & Mutations

You are too large for most types of armour.
You have claws for hands.
Your natural rate of healing is unusually fast.
You are covered in fur. (AC +1)
You have tough skin. (AC +1)


Message History

The gnoll hits you from afar with a +2 spear of venom.
You are more poisoned.
You hit the orc.
The orc is heavily wounded.
You feel very sick. You block the gnoll's attack.
The orc hits you with a +3 flail.
You sock the orc!
You kill the orc!
You feel very sick. You block the gnoll's attack.
The orc priest invokes the aid of Beogh against you.
Beogh smites you!
You feel sick.
The gnoll hits you with a +2 spear of venom.
You are more poisoned.
You feel very sick. You block the gnoll's attack.
You feel very sick.
The gnoll hits you from afar with a +2 spear of venom.
You are more poisoned.
You feel very sick.
The gnoll hits you from afar with a +2 spear of venom.
You are more poisoned.
* * * LOW HITPOINT WARNING * * *
You feel extremely sick.
You feel very sick.
The orc priest mumbles some strange prayers to Beogh against you.
Beogh smites you!
* * * LOW HITPOINT WARNING * * *
Unknown command.
Throw: 237 stones
Press: ? - help, Q - select action, (/) - cycle Shift-Dir - straight line, f - orc
Aim: an orc, wielding a +0 dagger (62% to hit)
Okay, then.
As you read the scroll of teleportation, it crumbles to dust.
You feel strangely unstable.
* * * LOW HITPOINT WARNING * * *
You feel very sick. You block the orc's attack.
You die...

#.# #.# #.## #..#
#..# #..# #..#
#@.# #..#####
##oo.#..#
##g.g.<..##
#######.....[...##
......)†.........#
...#..###..#.##).#
....# #....##[###
..... .....##.)..#


You could see an orc priest, a gnoll, an orc and a goblin.

Vanquished Creatures
  Grinder (D:4)
  Duvessa (D:4)
  A sky beast (D:6)
  3 ice beasts
  An ogre (D:5)
  A centaur (D:5)
  A gnoll sergeant (D:8)
  A wyvern skeleton (D:4)
  A water moccasin zombie (D:3)
  Dowan (D:3)
  5 howler monkeys (D:7)
  A centaur zombie (D:7)
  3 bullfrog zombies (D:6)
  A gnoll shaman (D:8)
  4 hounds
  Crazy Yiuf (D:7)
  An iguana (D:5)
  Robin (D:2)
  4 gnolls
  10 adders
  A shadow imp (D:5)
  An adder zombie (D:5)
  An adder skeleton (D:4)
  A worm (D:3)
  3 dart slugs
  10 orcs
  2 ball pythons (D:2)
  6 endoplasms
  5 giant cockroaches
  18 goblins
  9 hobgoblins
  6 jackals
  7 kobolds
  4 quokkas
  9 bats
  3 frilled lizards
  5 rats
  A bush (D:7)
135 creatures vanquished.

Vanquished Creatures (others)
  3 fungi (D:7)
3 creatures vanquished.

Grand Total: 138 creatures vanquished

Notes
Turn   | Place    | Note
-------+----------+-------------------------------------------
     0 | D:1      | issech the Troll Fighter began the quest for the Orb.
     0 | D:1      | Reached XP level 1. HP: 22/22 MP: 0/0
   269 | D:1      | Found a faded altar of an unknown god.
   307 | D:1      | Reached XP level 2. HP: 24/29 MP: 1/1
   428 | D:1      | Reached skill level 2 in Maces & Flails
   663 | D:1      | Reached XP level 3. HP: 36/36 MP: 2/2
  1355 | D:2      | Reached XP level 4. HP: 44/44 MP: 3/3
  1550 | D:2      | Noticed Robin
  1608 | D:2      | Killed Robin
  1609 | D:2      | Reached skill level 3 in Maces & Flails
  2249 | D:3      | Reached XP level 5. HP: 52/52 MP: 4/4
  2866 | D:4      | Noticed Duvessa
  2866 | D:4      | Noticed Dowan
  2953 | D:4      | Killed Duvessa
  2954 | D:4      | Reached skill level 4 in Maces & Flails
  2954 | D:4      | Reached XP level 6. HP: 37/61 MP: 5/5
  3083 | D:3      | Killed Dowan
  3134 | D:4      | Noticed Grinder
  3156 | D:4      | Killed Grinder
  3157 | D:4      | Reached XP level 7. HP: 22/67 MP: 6/6
  3322 | D:4      | Reached skill level 5 in Maces & Flails
  3776 | D:5      | Entered Level 5 of the Dungeon
  4367 | D:5      | Reached XP level 8. HP: 54/78 MP: 7/7
  4668 | D:6      | Reached skill level 6 in Maces & Flails
  4905 | D:6      | Found a staircase to the Ecumenical Temple.
  6235 | D:7      | Found a runed translucent door.
  6236 | D:7      | Noticed Crazy Yiuf
  6338 | D:7      | Killed Crazy Yiuf
  6511 | D:8      | Reached skill level 7 in Maces & Flails
  6552 | D:8      | HP: 2/79 [poisoned by a gnoll]
  6553 | D:8      | Succumbed to a gnoll's poison

Illustrated notes

Levels and vault maps discovered:
D:1:      matt_arrival_los_fun, layout_basic, basic_ecumenical_altar,
          st_stairs_9
D:2:      layout_basic, uniq_robin
D:3:      layout_basic, minmay_misc_feat_rugged, kennysheep_generic_room_8
D:4:      layout_basic, uniq_duvessa, uniq_grinder
D:5:      layout_cave_pools
D:6:      layout_basic, minmay_temple_entry_glass
D:7:      layout_loops_ring, minivault_25, uniq_crazy_yiuf_cottage
D:8:      hangedman_cross_stitches, layout_cave_pools, serial_gnoll_camp,
          gnoll_camp_medium_02, gnoll_camp_mini_shop, gnoll_camp_mini_basic,
          gnoll_camp_huts_basic, enter_bailey_5

Skill      XL: |  1  2  3  4  5  6  7  8 |
---------------+-------------------------+-----
Maces & Flails | 2 3 4 5 7 |  7.1
Dodging        | 3 4 |  4.8
Shields        | 3 4 |  4.6
Fighting       | 3 4 |  4.6
Throwing       | |  0.2
Stealth        | |  0.6

Action                   |  1- 3 |  4- 6 |  7- 9 || total
-------------------------+-------+-------+-------++-------
Melee: Flail             |   125 |   201 |   278 ||   604
Throw: Stone             |       |       |     4 ||     4
  Use: Scroll            |       |       |    19 ||    19
Armor: Robe              |    41 |    68 |    87 ||   196
Dodge: Dodged            |    52 |    98 |    82 ||   232
Block: Kite shield       |    49 |    96 |   121 ||   266

Table legend: (Time is in decaauts)
 A = Elapsed time spent in this place.
 B = Non-inter-level travel time spent in this place.
 C = Inter-level travel time spent in this place.
 D = Time resting spent in this place.
 E = Time spent auto-exploring this place.
 F = Levels seen in this place.
 G = Mean time per level.
                   A        B        C        D        E       F      G
               +--------+--------+--------+--------+--------+-----+--------+
         Total |   6746 |   6441 |    305 |    242 |   2769 |   8 |  843.2 |
       Dungeon |   6746 |   6441 |    305 |    242 |   2769 |   8 |  843.2 |
               +--------+--------+--------+--------+--------+-----+--------+

Top non-repeatable levels by time:
     D:6: 1122 daAuts
     D:3: 1076 daAuts
     D:1: 1057 daAuts
     D:7: 940 daAuts
     D:2: 934 daAuts
     D:4: 847 daAuts
     D:5: 707 daAuts
     D:8: 60 daAuts
